 Dungeon Crawl Stone Soup version 0.14-a0-226-gcf818b1 (webtiles) character file.

100 Malachi the Firebug (level 3, -2/28 HPs)
             Began as a Naga Fire Elementalist on Oct 10, 2013.
             Slain by a gnoll
             ... wielding a +0,+0 flail
              (11 damage)
             ... on Level 2 of the Dungeon.
             The game lasted 00:02:22 (1233 turns).

Malachi the Firebug (Naga Fire Elementalist)        Turns: 1233, Time: 00:02:23

HP  -2/28        AC  3     Str 10      XL: 3   Next: 62%
MP   1/6         EV 10     Int 16      God:
Gold 56          SH  0     Dex 11      Spells:  1 memorised,  3 levels left

Res.Fire  : . . .   See Invis. : +   f - +1,+6 mace
Res.Cold  : . . .   Warding    : .   a - +0 robe
Life Prot.: . . .   Conserve   : .   (no shield)
Res.Poison: +       Res.Corr.  : .   (no helmet)
Res.Elec. : .       Clarity    : .   (no cloak)
Sust.Abil.: . .     Spirit.Shd : .   d - +0 pair of gloves
Res.Mut.  : .       Stasis     : .   (no barding)
Res.Rott. : .       Flight     : .   (no amulet)
Saprovore : . . .                    m - ring of regeneration
                                     e - ring of flight

@: very slightly contaminated, very slow, slightly resistant to hostile
enchantments, stealthy
A: spit poison, see invisible, deformed body, poison resistance, slowness 2, AC
+1
a: Spit Poison, Evoke Flight


You were on level 2 of the Dungeon.
You were not hungry.

You visited 1 branch of the dungeon, and saw 2 of its levels.

You collected 36 gold pieces.

Inventory:

Hand weapons
 f - a +1,+6 mace (weapon)
Armour
 a - a +0 robe (worn)
 d - a +0 pair of gloves (worn)
Comestibles
 c - 3 bread rations
 n - a chunk of adder flesh
Scrolls
 g - a scroll of identify {unknown}
Jewellery
 e - a ring of flight (left hand)
 m - a ring of regeneration (right hand)
Potions
 h - a potion of blood {unknown}
 i - a potion of heal wounds {unknown}
 j - a potion of paralysis {unknown}
Books
 b - a book of Flames

   Spells                             Type                      Level
   *Flame Tongue                      Conjuration/Fire             1
   Throw Flame                        Conjuration/Fire             2
   Conjure Flame                      Conjuration/Fire             3
   Inner Flame                        Hexes/Fire                   3
   Sticky Flame                       Conjuration/Fire             4
   Fireball                           Conjuration/Fire             5


   Skills:
 + Level 0.4 Maces & Flails
 + Level 1.9 Dodging
 + Level 3.3 Stealth
 + Level 0.2 Unarmed Combat
 + Level 1.3 Spellcasting
 + Level 1.1 Conjurations
 * Level 3.8 Fire Magic


You had 3 spell levels left.
You knew the following spells:

 Your Spells              Type           Power        Failure   Level  Hunger
a - Flame Tongue          Conj/Fire      #....        10%         1    ##.....


Dungeon Overview and Level Annotations

Branches:
Dungeon (2/27)

Altars:


Innate Abilities, Weirdness & Mutations

You cannot wear boots.
You can spit poison.
Your serpentine skin is tough (AC +1).
You have supernaturally acute eyesight.
Armour fits poorly on your strangely shaped body.
Your system is resistant to poisons.
You cover ground very slowly.


Message History

Aim: a gnoll, wielding a whip (heavily wounded)
The flame hits the gnoll.
The gnoll is almost dead.
The gnoll barely misses you.
You barely miss the gnoll.
The gnoll is almost dead.
The gnoll barely misses you.
You closely miss the gnoll.
The gnoll is almost dead.
The gnoll hits you with a whip.
You hit the gnoll but do no damage.
The gnoll is almost dead.
The gnoll barely misses you. The gnoll hits you but does no damage.
The gnoll barely misses you.
The gnoll hits you from afar with a spear.
You hit the gnoll.
You kill the gnoll!
The gnoll hits you from afar with a spear!
The gnoll hits you with a flail!
You die...

#.....#
#.....#
#.....#
#####.# #.#
#.# #.# #.#
#@# #g#
.......gg...#
...........#
...........#
g..........#
..........#
.........#
g.......#


You could see 3 gnolls.

Vanquished Creatures
  A gnoll (D:2)
  An adder (D:2)
  A giant gecko (D:1)
  An ooze (D:2)
  3 bats (D:1)
  A giant cockroach (D:2)
  4 goblins (D:1)
  3 hobgoblins
  2 giant newts (D:1)
  4 kobolds (D:1)
  4 rats (D:1)
25 creatures vanquished.

Notes
Turn   | Place    | Note
--------------------------------------------------------------
     0 | D:1      | Malachi, the Naga Fire Elementalist, began the quest for the Orb.
     0 | D:1      | Reached XP level 1. HP: 15/15 MP: 3/3
   187 | D:1      | Reached XP level 2. HP: 19/22 MP: 0/4
  1116 | D:2      | Reached XP level 3. HP: 21/28 MP: 6/6
  1233 | D:2      | Slain by a gnoll

Action                   || total
-------------------------++-------
Melee: Unarmed           ||    21
       Mace              ||    22
 Cast: Flame Tongue      ||    23
 Abil: Spit Poison       ||     9
 Stab: Sleeping          ||     1
